 Dungeon Crawl Stone Soup version 0.20.0-15-g7f486f2 (webtiles) character file.

2944 Hasart the Geomancer (level 9, 0/54 HPs)
             Began as a Gargoyle Earth Elementalist on June 9, 2017.
             Was a Believer of Sif Muna.
             Slain by Gastronok (33 damage)
             ... on level 8 of the Dungeon.
             The game lasted 00:26:30 (7906 turns).

Hasart the Geomancer (Gargoyle Earth Elementalist)  Turns: 7906, Time: 00:26:30

Health: 0/54       AC: 11    Str: 13 (14) XL:     9   Next: 80%
Magic:  1/17       EV: 12    Int: 16 (19) God:    Sif Muna [**....]
Gold:   468        SH:  0    Dex: 12 (13) Spells: 6/19 levels left

rFire    . . .     SeeInvis +   z - +3 flail (protect)
rCold    . . .     Gourm    .   (no shield)
rNeg     + . .     Faith    .   c - +0 robe
rPois    ∞         Spirit   .   a - +1 helmet of the Gate {Dex+3 SInv}
rElec    +         Reflect  .   (no cloak)
rCorr    .         Harm     .   u - +1 pair of gloves
MR       .....                  (no boots)
Stlth    ++........             t - amulet of magic regeneration
Regen    0.2/turn               (no ring)
MPRegen  0.3/turn               (no ring)

@: invisible
A: big wings, negative energy resistance 1, electricity resistance, strong 1,
unbreathing, petrification resistance, rot immunity, AC +5
a: Fly, Divine Energy, Renounce Religion


You were on level 8 of the Dungeon.
You worshipped Sif Muna.
Sif Muna was pleased with you.
You were near starving.

You visited 2 branches of the dungeon, and saw 9 of its levels.

You collected 468 gold pieces.

Inventory:

Hand Weapons
 z - a +3 flail of protection (weapon)
Missiles
 b - 48 stones (quivered)
Armour
 a - the +1 helmet of the Gate (worn) {Dex+3 SInv}
   (You acquired it on level 7 of the Dungeon)

   It affects your dexterity (+3).
   It lets you see invisible.
 c - a +0 robe (worn)
 u - a +1 pair of gloves (worn)
Jewellery
 t - an amulet of magic regeneration (around neck)
 B - an uncursed amulet of regeneration
Wands
 f - a wand of enslavement (14/24)
 y - a wand of confusion (23/48)
 C - a wand of flame (10/48)
 D - a wand of digging (24/24)
 F - a wand of polymorph (17/24)
Scrolls
 g - 3 scrolls of enchant armour
 k - 2 scrolls of identify
 n - 2 scrolls of magic mapping
 p - 2 scrolls of teleportation
 r - 4 scrolls of remove curse
Potions
 i - 4 potions of curing
 o - a potion of heal wounds
 w - a potion of magic {unknown}
 x - a potion of agility {unknown}
 A - a potion of resistance
Books
 e - a book of Geomancy

   Spells                             Type                      Level
   a - Sandblast                      Earth                        1
   b - Passwall                       Transmutation/Earth          2
   c - Stone Arrow                    Conjuration/Earth            3
   d - Petrify                        Transmutation/Earth          4
   e - Lee's Rapid Deconstruction     Earth                        5
 s - a book of Callings

   Spells                             Type                      Level
   a - Summon Small Mammal            Summoning                    1
   b - Call Imp                       Summoning                    2
   c - Call Canine Familiar           Summoning                    3
   d - Summon Guardian Golem          Hexes/Summoning              3
   e - Summon Lightning Spire         Summoning/Air                4
   f - Summon Ice Beast               Ice/Summoning                4
Comestibles
 d - 5 bread rations
 h - 4 meat rations
 q - 2 fruits
 G - 2 royal jellies


   Skills:
 - Level 5.1 Fighting
 + Level 3.1 Maces & Flails
 - Level 1.5 Dodging
 - Level 2.1 Stealth
 + Level 5.9 Spellcasting
 + Level 5.9 Conjurations
 + Level 1.7 Summonings
   Level 0.7 Transmutations
 + Level 1.2 Air Magic
 - Level 10.1 Earth Magic


You had 6 spell levels left.
You knew the following spells:

 Your Spells              Type           Power        Failure   Level  Hunger
a - Sandblast             Erth           #####.       1%          1    None
b - Stone Arrow           Conj/Erth      ####..       1%          3    ##.....
c - Lee's Rapid Deconstr  Erth           #####.....   6%          5    ######.
d - Summon Lightning Spi  Summ/Air       #.......     58%         4    ####...


Dungeon Overview and Level Annotations

Branches:
Dungeon (8/15)             Temple (1/1) D:5
   Lair: D:8-11

Altars:
Ashenzari
Dithmenos
Fedhas
Gozag
Hepliaklqana
Makhleb
Nemelex Xobeh
Okawaru
Qazlal
Sif Muna
Trog
Xom
The Shining One

Annotations:
D:8 Gastronok, Grum


Innate Abilities, Weirdness & Mutations

You are resistant to torment.
Your stone body is resilient. (AC +5)
You are immune to poison.
You resist negative energy. (rN+)
You are resistant to electric shocks. (rElec)
You can survive without breathing.
You are immune to petrification.
You are immune to rotting.
Your large and strong wings let you fly indefinitely.
Your muscles are strong. (Str +2)


Message History

The centaur warrior is moderately wounded.
The blast of rock fragments hits Gastronok.
Gastronok is almost dead.
You are near starving!
You hear an angry hiss.
The quokka closely misses you.
Unknown command.
Unknown command.
Unknown command.
It was a potion of heal wounds.
You feel much better. The quokka misses you. Gastronok bites you!!
Ouch! That really hurt!
* * * LOW HITPOINT WARNING * * *
Unknown command.
You feel much better. The quokka closely misses you.
It was a potion of invisibility.
You fade into invisibility!
The quokka closely misses you. Gastronok bites you!!
Ouch! That really hurt!
You die...

#.######. #. ###
#........ ###.### ..#
####.#### ....... #.#
#.## ....... #.# ####..#
....... #.# #.....#
....... #.# ##.._..#
.....hg#####.####...8..#
.....hhcw@r........._..#
.%....h####.#####......#
###.### #.# ###.#### #
#.# #.# #.# #.# #.# #.#
#.# ... ... #..


You could see Gastronok, a centaur warrior, Grum, 3 wolves, a hound and a
quokka.

Vanquished Creatures
  Pikel (D:5)
  A hippogriff (D:7)
  The ghost of Monsterracer the Cudgeler, an amateur GrFi (D:3)
  Menkaure (D:7)
  An ice beast (D:6)
  4 orc warriors
  A slave (D:5)
  A sky beast (D:6)
  3 ogres
  A centaur (D:7)
  A bullfrog (D:7)
  A scorpion (D:6)
  4 electric eels (D:6)
  2 crimson imps
  2 jellies
  A hound (D:8)
  An orc priest (D:6)
  7 orc wizards
  Crazy Yiuf (D:6)
  2 iguanas
  5 worker ants
  A killer bee zombie (D:7)
  7 gnolls
  13 adders
  3 shadow imps
  2 oozes
  An adder zombie (D:5)
  2 worms
  4 dart slugs
  2 leopard geckos
  15 orcs
  6 giant cockroaches
  7 hobgoblins
  8 jackals
  4 quokkas
  A ball python (D:4)
  6 bats
  4 frilled lizards
  5 goblins
  A goblin skeleton (D:4)
  2 goblin zombies (D:4)
  2 hobgoblin zombies (D:4)
  A jackal skeleton (D:7)
  5 kobolds
  2 kobold skeletons (D:4)
  2 kobold zombies (D:4)
  2 leopard gecko skeletons
  7 rats
157 creatures vanquished.

Vanquished Creatures (others)
  2 slaves (D:5)
2 creatures vanquished.

Grand Total: 159 creatures vanquished

Notes
Turn   | Place    | Note
-------+----------+-------------------------------------------
     0 | D:1      | Hasart the Gargoyle Earth Elementalist began the quest for the Orb.
     0 | D:1      | Reached XP level 1. HP: 10/10 MP: 3/3
   379 | D:1      | Reached XP level 2. HP: 15/15 MP: 5/5
   384 | D:1      | Reached skill level 4 in Earth Magic
  1233 | D:2      | Reached XP level 3. HP: 17/20 MP: 6/6
  1238 | D:2      | Reached skill level 1 in Fighting
  1272 | D:2      | Found a shimmering altar of Xom.
  1556 | D:2      | Reached XP level 4. HP: 25/25 MP: 5/8
  1561 | D:2      | Learned a level 3 spell: Stone Arrow
  1996 | D:2      | Found a shattered altar of Ashenzari.
  2394 | D:3      | Reached skill level 5 in Earth Magic
  2397 | D:3      | Reached XP level 5. HP: 15/30 MP: 3/9
  2625 | D:3      | Reached skill level 1 in Conjurations
  2714 | D:3      | Noticed Monsterracer's ghost (amateur GrFi)
  2767 | D:3      | Killed Monsterracer's ghost
  2767 | D:3      | Reached XP level 6. HP: 5/36 MP: 0/11
  3094 | D:3      | Found a burning altar of Makhleb.
  3542 | D:4      | Reached skill level 6 in Earth Magic
  3578 | D:4      | Reached XP level 7. HP: 41/41 MP: 6/12
  3680 | D:4      | Found a bloodstained altar of Trog.
  3708 | D:4      | Found a glowing golden altar of the Shining One.
  4185 | D:4      | Learned a level 5 spell: Lee's Rapid Deconstruction
  4264 | D:5      | Entered Level 5 of the Dungeon
  4274 | D:5      | Reached skill level 7 in Earth Magic
  4637 | D:5      | Found a bloodstained altar of Trog.
  4668 | D:5      | Found a staircase to the Ecumenical Temple.
  4676 | Temple   | Entered the Ecumenical Temple
  4714 | Temple   | Became a worshipper of Sif Muna the Loreminder
  4743 | D:5      | Noticed Pikel
  4765 | D:5      | Killed Pikel
  4765 | D:5      | Reached skill level 8 in Earth Magic
  4765 | D:5      | Reached XP level 8. HP: 31/48 MP: 1/15
  5187 | D:5      | Reached * piety under Sif Muna
  5466 | D:6      | Reached skill level 5 in Spellcasting
  5466 | D:6      | Reached skill level 9 in Earth Magic
  5477 | D:6      | Reached skill level 5 in Fighting
  5635 | D:6      | Found a transporter.
  5661 | D:6      | Reached XP level 9. HP: 50/54 MP: 16/16
  5815 | D:6      | Reached skill level 1 in Maces & Flails
  5996 | D:6      | Found a transporter.
  6043 | D:6      | Reached skill level 5 in Conjurations
  6192 | D:6      | Found a runed door.
  6234 | D:6      | Noticed Crazy Yiuf
  6237 | D:6      | Killed Crazy Yiuf
  6237 | D:6      | Reached ** piety under Sif Muna
  6935 | D:7      | Reached skill level 10 in Earth Magic
  6967 | D:7      | Noticed Menkaure
  6971 | D:7      | Killed Menkaure
  6994 | D:7      | Learned a level 4 spell: Summon Lightning Spire
  7220 | D:7      | Reached skill level 1 in Summonings
  7237 | D:7      | Reached skill level 1 in Air Magic
  7405 | D:7      | Identified a scroll of acquirement
  7500 | D:7      | Got a warped helmet
  7506 | D:7      | Identified the +1 helmet of the Gate {Dex+3 SInv} (You acquired it on level 7 of the Dungeon)
  7515 | D:7      | Gained mutation: Your large and strong wings let you fly indefinitely. [potion of mutation]
  7515 | D:7      | Gained mutation: Your muscles are strong. (Str +2) [potion of mutation]
  7865 | D:8      | Found a shattered altar of Ashenzari.
  7865 | D:8      | Found a hazy altar of Hepliaklqana.
  7883 | D:8      | Noticed Gastronok
  7886 | D:8      | Noticed a centaur warrior
  7897 | D:8      | Noticed Grum
  7906 | D:8      | Slain by Gastronok

Skill      XL: |  1  2  3  4  5  6  7  8  9 |
---------------+----------------------------+-----
Earth Magic    | 4 5 6 8 9 10 | 10.1
Fighting       | 1 2 3 4 5 |  5.1
Spellcasting   | 3 4 5 |  5.9
Conjurations   | 1 2 4 5 |  5.9
Maces & Flails | 3 |  3.1
Summonings     | 1 |  1.7
Air Magic      | 1 |  1.2
Dodging        | |  1.5
Stealth        | |  2.1
Transmutations | |  0.7

Action                   |  1- 3 |  4- 6 |  7- 9 || total
-------------------------+-------+-------+-------++-------
Melee: Club              |    19 |       |       ||    19
       Mace              |    50 |   109 |   117 ||   276
       Flail             |       |       |   134 ||   134
 Cast: Sandblast         |    17 |    37 |    54 ||   108
       Lee's Rapid Decon |       |       |    12 ||    12
       Stone Arrow       |       |       |    28 ||    28
  Use: Potion            |       |     2 |     5 ||     7
       Scroll            |       |       |     9 ||     9
 Stab: Sleeping          |     6 |     3 |     4 ||    13
       Distracted        |       |       |     1 ||     1
  Eat: Chunk             |     1 |     7 |    15 ||    23
       Fruit             |       |     1 |     1 ||     2
       Royal jelly       |       |       |     1 ||     1
Armor: Robe              |    25 |    52 |   184 ||   261
       Skin              |       |     6 |       ||     6
Dodge: Dodged            |    55 |   104 |   244 ||   403
